 Dungeon Crawl Stone Soup version 0.27-a0-1434-g6f15984924 (webtiles) character file.

Game seed: 15051100832767240351

149 Brandom the Stinger (level 5, -3/46 HPs)
             Began as a Naga Venom Mage on July 3, 2021.
             Slain by an ogre (34 damage)
             ... on level 2 of the Dungeon.
             The game lasted 00:16:03 (2350 turns).

Brandom the Stinger (Naga Venom Mage)               Turns: 2350, Time: 00:16:04

Health: -3/46      AC:  5    Str: 10    XL:     5   Next: 31%
Magic:  1/8        EV:  8    Int: 16    God:
Gold:   66         SH:  0    Dex: 12    Spells: 6/9 levels left

rFire    . . .     SeeInvis +   c - +0 dagger
rCold    . . .     Faith    .   (no shield)
rNeg     . . .     Spirit   .   g - +0 ring mail {Will+}
rPois    +         Reflect  .   (no helmet)
rElec    .         Harm     .   d - +0 cloak
rCorr    .         Rampage  .   (no gloves)
Will     +....                  (no barding)
Stlth    +.........             (no amulet)
HPRegen  0.15/turn              (no ring)
MPRegen  0.11/turn              (no ring)

@: short of breath, very slightly contaminated, very slow
A: AC +1, large, see invisible, deformed body, poison resistance, slowness 2,
spit poison 1, naga tail 1
a: Spit Poison


You were on level 2 of the Dungeon.
You visited 1 branch of the dungeon, and saw 3 of its levels.

You collected 66 gold pieces.

Inventory:

Hand Weapons
 c - a +0 dagger (weapon)
   (You found it on level 1 of the Dungeon)
Missiles
 j - 56 stones
Armour
 a - a +0 robe
 d - a +0 cloak (worn)
   (You found it on level 1 of the Dungeon)
 g - a +0 ring mail of willpower (worn)
   (You found it on level 2 of the Dungeon)
Jewellery
 z - a ring of see invisible
   (You found it on level 2 of the Dungeon)
Scrolls
 b - a scroll of acquirement {unknown}
 e - a scroll of fear {unknown}
 f - a scroll of brand weapon {unknown}
 h - a scroll of identify {unknown}
Potions
 i - a potion of haste {unknown}
 k - a potion of flight {unknown}


   Skills:
 * Level 2.7 Fighting
 + Level 2.2 Dodging
 - Level 3.0 Stealth
 + Level 2.6 Spellcasting
 - Level 1.3 Transmutations
 + Level 1.3 Air Magic
 + Level 4.7 Poison Magic


You had 6 spell levels left.
You knew the following spells:

 Your Spells              Type           Power      Damage    Failure   Level
a - Sting                 Tmut/Pois      44%        1d5       14%         1
b - Poisonous Vapours     Pois/Air       22%        N/A       22%         2

Your spell library contained the following spells:

 Spells                   Type           Power      Damage    Failure   Level
 Mephitic Cloud           Conj/Pois/Air  8%         N/A       54%         3
 Olgreb's Toxic Radiance  Pois           17%        N/A       58%         4
 Blink                    Tloc           N/A        N/A       61%         2
 Lesser Beckoning         Tloc           1%         N/A       83%         3
 Manifold Assault         Tloc           2%         N/A       100%        5


Dungeon Overview and Level Annotations

Branches:
Dungeon (3/15)

Altars:


Innate Abilities, Weirdness & Mutations

Your serpentine skin is tough. (AC +1)
You have supernaturally acute eyesight. (SInv)
Armour fits poorly on your strangely shaped body.
Your system is resistant to poisons. (rPois)
You cover ground very slowly.
You can spit poison.
You have a snake-like lower body.


Message History

Okay, then.
Aim: a bat (57% to hit)
The sting hits the bat.
The bat is poisoned.
You kill the bat!
A goblin comes into view. It is wielding a +0 club.
The goblin shouts!
The goblin moves out of view.
A goblin is nearby!
Aim: a goblin, wielding a +0 club (64% to hit)
The sting hits the goblin.
The goblin is poisoned.
You hit the goblin.
You kill the goblin!
Things that are here:
a +0 club; a goblin corpse Done exploring.
Done exploring.
(D) Dungeon
Where to? (? - help)
Things that are here:
a +0 club; a goblin corpse
There is a stone staircase leading down here.
You climb downwards.
A worm and an ogre come into view.
The ogre shouts!
Found a runed ivory wand and 16 stones.
There is a stone staircase leading up here.
Okay, then.
Aim: an ogre, wielding a +0 giant spiked club You miscast Poisonous Vapours.
You are very lightly contaminated with residual magic.
Nothing appears to happen.
Aim: an ogre, wielding a +0 giant spiked club Poisonous vapours surround the ogre!
The ogre is poisoned.
Aim: an ogre, wielding a +0 giant spiked club (poisoned)
The splash of poison misses the worm.
The splash of poison hits the ogre!
The ogre looks even sicker.
Aim: an ogre, wielding a +0 giant spiked club (moderately wounded, very poisoned) Poisonous vapours surround the ogre!
The ogre looks even sicker.
Aim: an ogre, wielding a +0 giant spiked club (moderately wounded, very poisoned)
You miscast Poisonous Vapours.
Nothing appears to happen.
You have got your breath back.
The ogre hits you with a +0 giant spiked club!
You climb upwards.
There is a stone staircase leading down here.
Unknown command.
Aim: an ogre, wielding a +0 giant spiked club (heavily wounded, very poisoned)
The splash of poison hits the ogre.
The ogre hits you with a +0 giant spiked club!!
Ouch! That really hurt!
You die...

##### ....# ###.#
######### ....# #.......#
.##.######### #.......#
.##.........#####.......#
....#######.....@O......#
.#### #######>......#
)#### #.......# ....#
#.......# †.#.# #######
#.##.##.# ..#.# #.....#
#....##.# ....# #.....#
##.†####.# ....## #.....#
#......#.# .#...# #.....#
#........#


You could see an ogre (very poisoned).

Vanquished Creatures
  An ogre (D:2)
  An adder (D:2)
  A worm (D:2)
  A dart slug (D:1)
  An orc (D:1)
  6 ball pythons
  8 endoplasms
  3 giant cockroaches
  2 goblins (D:2)
  6 hobgoblins
  3 quokkas
  8 bats
  2 kobolds (D:2)
  4 rats
47 creatures vanquished.

Notes
Turn   | Place    | Note
-------+----------+-------------------------------------------
     0 | D:1      | Brandom the Naga Venom Mage began the quest for the Orb.
     0 | D:1      | Reached XP level 1. HP: 15/15 MP: 3/3
   122 | D:1      | Found a faded altar of an unknown god.
   292 | D:1      | Reached XP level 2. HP: 24/24 MP: 3/5
   305 | D:1      | Learned a level 2 spell: Poisonous Vapours
   700 | D:1      | Reached skill level 1 in Fighting
  1168 | D:2      | Reached XP level 3. HP: 31/31 MP: 3/6
  1420 | D:2      | Noticed an ogre
  1473 | D:2      | Killed an ogre
  1474 | D:2      | Reached skill level 1 in Air Magic
  1474 | D:2      | Reached XP level 4. HP: 40/40 MP: 2/7
  1474 | D:2      | Reached XP level 5. HP: 46/46 MP: 2/8
  2340 | D:3      | Noticed an ogre
  2350 | D:2      | Slain by an ogre

Illustrated notes

Levels and vault maps discovered:
D:1:      lightli_arrival_isolated_outpost, layout_loops_cross,
          ebering_ecumenical_altar_sacrificial
D:2:      layout_loops_cross, minmay_pentomino_q4
D:3:      layout_basic, grunt_ministairs_14, uniq_natasha

Skill      XL: |  1  2  3 |
---------------+----------+-----
Fighting       | 1 2 |  2.7
Dodging        | 2 |  2.2
Air Magic      | 1 |  1.3
Stealth        | |  3.0
Spellcasting   | |  2.6
Transmutations | |  1.3
Poison Magic   | |  4.7

Action                   |  1- 3 |  4- 6 || total
-------------------------+-------+-------++-------
Melee: Unarmed           |     1 |       ||     1
       Dagger            |    12 |     9 ||    21
 Cast: Sting             |    40 |    14 ||    54
       Poisonous Vapours |     2 |    14 ||    16
 Abil: Spit Poison       |     9 |    11 ||    20
Armor: Robe              |     3 |     3 ||     6
       Ring mail         |       |     3 ||     3
Dodge: Dodged            |    16 |     2 ||    18

Table legend: (Time is in decaauts)
 A = Elapsed time spent in this place.
 B = Non-inter-level travel time spent in this place.
 C = Inter-level travel time spent in this place.
 D = Time resting spent in this place.
 E = Time spent auto-exploring this place.
 F = Levels seen in this place.
 G = Mean time per level.
                   A        B        C        D        E       F      G
               +--------+--------+--------+--------+--------+-----+--------+
         Total |   2839 |   2795 |     44 |    330 |   2027 |   3 |  946.3 |
       Dungeon |   2839 |   2795 |     44 |    330 |   2027 |   3 |  946.3 |
               +--------+--------+--------+--------+--------+-----+--------+

Top non-repeatable levels by time:
     D:1: 1494 daAuts
     D:2: 1337 daAuts
     D:3: 7 daAuts
